 Dungeon Crawl Stone Soup version 0.32-a0-933-ga8fa3634e4 (webtiles) character file.

Game seed: 15166111846638913359

2381815 mitch45678 the Slayer (level 26, 234/234 HPs)
             Began as a Mountain Dwarf Conjurer on Apr 13, 2024.
             Was a High Priest of Okawaru.
             Escaped with the Orb
             ... and 3 runes
             ... and 4 gems on Apr 15, 2024!
             The game lasted 09:32:16 (50912 turns).

mitch45678 the Slayer (Mountain Dwarf Conjurer)    Turns: 50912, Time: 09:32:17

Health: 234/234    AC: 44    Str: 17    XL:     26   Next: 92%
Magic:  29/29      EV: 13    Int: 29    God:    Okawaru [*****.]
Gold:   2900       SH: 29    Dex: 12    Spells: 20/28 levels left

rFire   + + +        a - +9 broad axe (freeze)
rCold   + . .        j - +5 tower shield {AC+3} {arte ring vault V1}
rNeg    + . .        r - +9 plate armour of the Five Visionaries {rF+ rC+ Int+5}
rPois   .            (helmet restricted)
rElec   +            h - scarf of the Elven Halls {repulsion, Int+4}
rCorr   +            m - +2 pair of gloves of the Wild Haggis {^Drain Will+ Slay+4}
SInv    .            v - +2 pair of boots {rampage}
Will    ++++.        R - amulet of regeneration Stlth
                     E - ring "Unoaruqe" {rElec rN+ Will+ Str-4}
HPRegen 1.39/turn    O - ring of Tybeuh {rF+ rCorr Dex+4}
MPRegen 0.21/turn

%: repel missiles, rampage
@: heroic, studying 2 skills
A: runic magic, artefact enchanting, antennae 1, iridescent scales 1, fire
resistance 1, frail 1, low MP 2, subdued magic 1
0: Orb of Zot
}: 3/15 runes: decaying, serpentine, silver
a: Renounce Religion, Heroism, Finesse, Duel


You escaped.
You worshipped Okawaru.
Okawaru was extremely pleased with you.
You visited 10 branches of the dungeon, and saw 48 of its levels.
You visited the Abyss 1 time.
You also visited: Sewer and Ice Cave.

You collected 6154 gold pieces.
You spent 3254 gold pieces at shops.


Innate Abilities, Weirdness & Mutations

Your spellcasting is much less encumbered by armour.
You can use scrolls of enchantment on lesser artefacts.
You have a pair of small antennae on your head.
You are partially covered in iridescent scales. (AC +2)
Your flesh is heat resistant. (rF+)
You are frail. (-10% HP)
Your magical capacity is very low. (-20% MP)
Your spells are a little easier to cast, but a little less powerful.


   Skills:
 + Level 26.1(27) Fighting
 - Level 21.0(27) Axes
 - Level 12.0(22.8) Maces & Flails
 - Level 2.0(7.0) Ranged Weapons
 - Level 24.0(27) Armour
 - Level 16.0(21.0) Dodging
 - Level 1.4(6.4) Stealth
 - Level 23.0(27) Shields
 - Level 1.7 Spellcasting
 - Level 3.6 Conjurations
 - Level 1.0 Necromancy
 - Level 19.0 Invocations
 - Level 3.0 Evocations


You had 20 spell levels left.
You knew the following spells:

 Your Spells              Type           Power      Damage    Failure   Level
a - Apportation           Tloc           2%         N/A       11%         1
b - Searing Ray           Conj           36%        2d5       3%          2
c - Kiss of Death         Conj/Necr      48%        2d9       4%          1
d - Magic Dart            Conj           72%        1d6       2%          1
z - Swiftness             Air            1%         N/A       32%         3

Your spell library contained the following spells:

 Spells                   Type           Power      Damage    Failure   Level
 Sting                    Conj/Alch      36%        1d5       4%          1
 Necrotise                Necr           24%        1d5       7%          1
 Slow                     Hex            4%         N/A       11%         1
 Cigotuvi's Dreadful Rot  Necr/Alch/Air  6%         N/A       14%         2
 Dazzling Flash           Conj/Hex       18%        N/A       16%         3
 Hailstorm                Conj/Ice       9%         3d6       16%         3
 Ensorcelled Hibernation  Hex/Ice        2%         N/A       17%         2
 Jinxbite                 Hex            2%         N/A       17%         2
 Lesser Beckoning         Tloc           2%         N/A       17%         2
 Mercury Vapours          Alch/Air       2%         N/A       17%         2
 Scorch                   Fire           2%         2d5       17%         2
 Mephitic Cloud           Conj/Alch/Air  7%         N/A       21%         3
 Fugue of the Fallen      Necr           6%         N/A       22%         3
 Vampiric Draining        Necr           6%         2d6       22%         3
 Confusing Touch          Hex            1%         N/A       32%         3
 Frozen Ramparts          Ice            2%         1d1       32%         3
 Maxwell's Portable Pile  Tloc           1%         2d(5-13)  32%         3
 Passwall                 Erth           1%         N/A       32%         3
 Sigil of Binding         Hex            1%         N/A       32%         3
 Teleport Other           Tloc           1%         N/A       32%         3
 Brom's Barrelling Bould  Conj/Erth      9%         2d3       50%         4
 Flame Wave               Conj/Fire      9%         2d6       50%         4
 Fulminant Prism          Conj/Alch      4%         3d5       50%         4
 Iskenderun's Mystic Bla Conj/Tloc 9%             2d4        (+2d1     50%         4
 Iskenderun's Battlesphe  Conj           18%        2d7       58%         5
 Dispel Undead            Necr           6%         3d8       61%         4
 Anguish                  Hex/Necr       2%         N/A       67%         4
 Cause Fear               Hex            0%         N/A       75%         4
 Dimensional Bullseye     Hex/Tloc       0%         N/A       75%         4
 Olgreb's Toxic Radiance  Alch           1%         N/A       75%         4
 Passage of Golubria      Tloc           1%         N/A       75%         4
 Sticky Flame             Fire/Alch      1%         2d4       75%         4
 Vhi's Electric Charge    Tloc/Air       2%         N/A       75%         4
 Arcjolt                  Conj/Air       4%         1d14      85%         5
 Fireball                 Conj/Fire      4%         3d4       85%         5
 Freezing Cloud           Conj/Ice/Air   3%         6-21      90%         5
 Borgnjor's Vile Clutch   Necr/Erth      2%         N/A       95%         5
 Alistair's Intoxication  Alch           0%         N/A       98%         5
 Metabolic Englaciation   Hex/Ice        0%         N/A       98%         5
 Silence                  Hex/Air        0%         N/A       98%         5
 Yara's Violent Unravell  Hex/Alch       0%         3d3       98%         5
 Conjure Ball Lightning   Conj/Air       4%         3x3d6     100%        6
 Eringya's Noxious Bog    Alch           0%         4d6       100%        6
 Permafrost Eruption      Ice/Erth       0%         2x4d1     100%        6
 Plasma Beam              Fire/Air       0%         2x1d10    100%        6
 Enfeeble                 Hex            0%         N/A       100%        7
 Orb of Destruction       Conj           9%         9d6       100%        7
 Maxwell's Capacitive Co  Air            0%         ∞         100%        8
 Summon Small Mammal      Summ           Unusable   N/A       N/A         1
 Summon Ice Beast         Ice/Summ       Unusable   N/A       N/A         3
 Tukima's Dance           Hex            Unusable   N/A       N/A         3
 Martyr's Knell           Necr/Summ      Unusable   N/A       N/A         4
 Death Channel            Necr           Unusable   N/A       N/A         6
 Sculpt Simulacrum        Ice/Alch       Unusable   N/A       N/A         6
 Summon Cactus Giant      Summ           Unusable   N/A       N/A         6

Inventory:

Hand Weapons
 a - a +9 broad axe of freezing (weapon)
   (You took it off Donald on level 1 of the Vaults)
 b - the +8 mithril axe "Arga" {speed, Will+}
   (You took it off a naga on level 2 of the Lair of Beasts)

   Will+:     It increases your willpower.
 c - the +1 broad axe of the Stopping Pill Bug {flame, rElec rPois Dex+4}
   (Okawaru gifted it to you on level 1 of the Snake Pit)

   Dex+4:     It affects your dexterity (+4).
   rElec:     It insulates you from electricity.
   rPois:     It protects you from poison.
 d - a +5 heavy broad axe
   (You subdued it on level 2 of the Elven Halls)
Missiles
 f - 29 javelins (quivered)
 l - 38 poisoned darts
 x - 27 boomerangs
 z - 22 silver javelins
 B - 6 curare-tipped darts
Armour
 g - the +0 helmet "Jononwya" {Dex+3 SInv}
   (You bought it in a shop on level 4 of the Depths)

   Dex+3:     It affects your dexterity (+3).
   SInv:      It lets you see invisible.
 h - the scarf of the Elven Halls (worn) {repulsion, Int+4}
   (You acquired it on level 1 of the Snake Pit)

   Int+4:     It affects your intelligence (+4).
 j - a +5 tower shield of protection (worn) {arte ring vault V1}
   (You took it off Louise on level 15 of the Dungeon)
 m - the +2 pair of gloves of the Wild Haggis (worn) {^Drain Will+ Slay+4}
   (Okawaru gifted it to you on level 2 of the Orcish Mines)

   Slay+4:    It affects your accuracy & damage with ranged weapons and melee
   (+4).
   Will+:     It increases your willpower.
   ^Drain:    It drains your maximum health when unequipped.
 r - the +9 plate armour of the Five Visionaries (worn) {rF+ rC+ Int+5}
   (You found it on level 3 of the Vaults)

   Int+5:     It affects your intelligence (+5).
   rF+:       It protects you from fire.
   rC+:       It protects you from cold.
 v - a +2 pair of boots of rampaging (worn)
   (You found it on level 5 of the Vaults)
 A - +0 gold dragon scales
   (You found it on level 4 of the Vaults)
 X - the +0 pair of gloves of Noxious Leaves {rPois rC+ rN+, change gloves?}
   (You found it on level 3 of the Elven Halls)

   rC+:       It protects you from cold.
   rPois:     It protects you from poison.
   rN+:       It protects you from negative energy.
Jewellery
 o - the amulet "Jioczar" {Spirit Rampage rCorr}
   (You found it on level 9 of the Dungeon)

   [amulet of guardian spirit]

   Spirit:    It causes incoming damage to be divided between your reserves of
   health and magic.
   rCorr:     It protects you from acid and corrosion.
   Rampage:   It bestows one free step when moving towards enemies.
 C - a ring of protection from cold
   (You found it on level 3 of the Lair of Beasts)
 E - the ring "Unoaruqe" (left hand) {rElec rN+ Will+ Str-4}
   (You found it on level 1 of the Vaults)

   [ring of willpower]

   Str-4:     It affects your strength (-4).
   rElec:     It insulates you from electricity.
   rN+:       It protects you from negative energy.
   Will+:     It increases your willpower.
 F - a ring of protection from fire
   (You found it on level 3 of the Lair of Beasts)
 I - a ring of see invisible
   (You found it on level 1 of the Depths)
 N - a ring of positive energy
   (You bought it in a shop on level 5 of the Vaults)
 O - the ring of Tybeuh (right hand) {rF+ rCorr Dex+4}
   (You acquired it on level 5 of the Vaults)

   [ring of resist corrosion]

   Dex+4:     It affects your dexterity (+4).
   rF+:       It protects you from fire.
   rCorr:     It protects you from acid and corrosion.
 P - a ring of poison resistance {or swap with will ring for more EV}
   (You took it off a deep elf blademaster on level 3 of the Elven Halls)
 R - an amulet of regeneration (around neck)
   (You found it on level 4 of the Dungeon)
 T - a ring of flight
   (You found it on level 1 of the Depths)
 W - the ring of Daffodils {Will+ Str+3}
   (You took it off a tengu reaver on level 14 of the Dungeon)

   [ring of willpower]

   Str+3:     It affects your strength (+3).
   Will+:     It increases your willpower.
Wands
 p - a wand of roots (36)
   (You found it on level 10 of the Dungeon)
 s - a wand of acid (18)
   (You found it on level 12 of the Dungeon)
 u - a wand of mindburst (34)
   (You found it on level 1 of the Lair of Beasts)
 V - a wand of digging (3)
   (You found it on level 1 of the Swamp)
Scrolls
 w - 13 scrolls of teleportation
 H - 6 scrolls of blinking
 J - 2 scrolls of silence
 L - 9 scrolls of fear
 M - a scroll of revelation
 S - 6 scrolls of fog
Potions
 i - 3 potions of cancellation
 k - 5 potions of magic
 n - 2 potions of might
 q - 4 potions of resistance
 t - 7 potions of mutation {!q}
 y - 16 potions of curing
 D - 2 potions of invisibility
 G - 5 potions of heal wounds
 Q - 3 potions of haste
 Y - 6 potions of enlightenment
Miscellaneous
 U - a tin of tremorstones (2/2)
   (You found it in an ice cave)

Dungeon Overview and Level Annotations

Branches:
Dungeon (15/15)            Temple (1/1) D:5            Lair (5/5) D:10
  Swamp (4/4) Lair:3        Snake (4/4) Lair:3        Slime (0/5) Lair:4
    Orc (2/2) D:9             Elf (3/3) Orc:2        Vaults (5/5) D:14
  Crypt (0/3) Vaults:2     Depths (4/4) D:15            Zot (5/5) Depths:4
  Sewer (visited)           IceCv (visited)

Altars:
Ashenzari
Cheibriados
Dithmenos
Elyvilon
Fedhas
Gozag
Hepliaklqana
Kikubaaqudgha
Makhleb
Nemelex Xobeh
Okawaru
Qazlal
Ru
Sif Muna
Trog
Uskayaw
Vehumet
Wu Jian
Xom
Yredelemnul
Zin
The Shining One
Beogh
Ignis
Jiyva

Shops:
D:6 (   D:9 [   D:13 :   Orc:1 *   Orc:2 *:([*   Elf:1 [   Snake:4 (
Vaults:5 ==[   Depths:1 ***   Depths:4 [

Portals:
Hell: Depths:2 Depths:3
Abyss: Depths:3 Depths:4
Pandemonium: Depths:4
Ziggurat: Depths:4

Annotations:
Swamp:2 3 runed translucent doors, Cancer's ghost, adept GrCj; Mara
Swamp:4 3 runed translucent doors, sdfx's ghost, adept GnRe
Snake:2 1 exclusion
Elf:2 3 runed translucent doors, exclusion: 3 doors
Elf:3 3 runed translucent doors, AutarchDCSS's ghost, veteran DrCK; Roxanne; jfitz's ghost, adept MiBe
Depths:3 Vv
Depths:4 3 runed translucent doors, runemasterragnar's ghost, veteran OpSh


Message History

You have escaped!

There were no monsters in sight!

Vanquished Creatures
  2 dread liches
  4 ancient liches (Vaults:5)
  5 orbs of fire
  A juggernaut (Depths:2)
  Sojobo (D:15)
  Xtahua (Depths:3)
  Boris (Vaults:1)
  A shard shrike (IceCv)
  4 Killer Klowns
  Vashnia (Snake:4)
  A curse toe (Zot:5)
  A caustic shrike (Depths:3)
  Saint Roka (Vaults:3)
  10 golden dragons
  Nikola (Vaults:3)
  the Enchantress (D:15)
  Norris (Depths:1)
  2 doom hounds (Depths:4)
  2 electric golems
  Mlioglotl (Lair:3)
  A walking crystal tome (Depths:2)
  12 tentacled monstrosities
  Grunn (Depths:4)
  3 liches
  23 Orb Guardians
  A Hell Sentinel (D:13)
  A walking frostbound tome (Depths:3)
  11 titans
  A quicksilver dragon (Zot:4)
  2 deep elf blademasters (Elf:3)
  Asterion (Snake:4)
  2 deep elf master archers (Elf:3)
  10 death cobs
  16 storm dragons
  3 Executioners
  5 sphinxes
  A thorn hunter (Swamp:1)
  Gastronok (Lair:1)
  12 tengu reavers
  5 nagarajas
  8 shadow dragons
  2 protean progenitors (Zot:1)
  8 draconian monks
  Donald (Vaults:1)
  7 fire giants
  4 draconian shifters
  7 frost giants
  4 deep elf sorcerers
  8 draconian scorchers
  Louise (D:15)
  6 draconian stormcallers
  2 ghost moths
  7 draconian knights (Zot:1)
  5 iron dragons
  An emperor scorpion (D:15)
  18 vault wardens
  9 deep elf elementalists (Elf:3)
  A cacodemon (Zot:1)
  21 very ugly things
  3 draconian annihilators
  7 spriggan defenders
  4 orc warlords
  2 formless jellyfish
  17 ironbound preservers
  14 ironbound thunderhulks
  5 green draconians
  Nessos (Lair:3)
  A demonspawn black sun (D:10)
  12 stone giants
  5 deep elf demonologists
  4 vampire knights
  5 white draconians
  14 deep elf annihilators
  10 deep elf death magi
  7 black draconians
  3 eleionomae
  4 yellow draconians
  6 bunyips
  5 purple draconians
  17 red draconians
  5 spark wasps
  8 dire elephants
  2 war gargoyles
  The ghost of runemasterragnar the Grappler, a journeyman DrSh of Ru (Orc:2)
  An entropy weaver (Vaults:2)
  A shambling mangrove (Swamp:3)
  A merfolk javelineer (Depths:3)
  10 ettins
  5 deep elf high priests
  A jiangshi (Vaults:2)
  8 fire dragons
  Josephine (D:10)
  4 rakshasas
  19 yaktaur captains
  2 peacekeepers
  3 ice dragons
  12 alligators
  30 vault guards
  20 hydras
  9 great orbs of eyes
  Erolcha (D:13)
  4 salamander tyrants
  4 ogre magi
  7 spriggan air magi
  2 catoblepae
  16 ironbound frosthearts
  7 boulder beetles
  A ghost crab (Swamp:2)
  17 two-headed ogres
  2 deep troll shamans (D:15)
  2 satyrs (Zot:1)
  28 dancing weapons
  9 centaur warriors
  6 anacondas
  9 tengu warriors
  4 death yaks
  2 naga warriors (Snake:4)
  10 hell knights
  21 naga sharpshooters
  2 deep troll earth magi
  4 orc high priests
  3 occultists
  7 spriggan berserkers
  Urug (Orc:2)
  6 shock serpents
  A shock serpent (shapeshifter) (Vaults:4)
  13 deep elf knights
  18 deep elf archers
  A fire crab (shapeshifter) (Elf:1)
  2 skeletal warriors (D:14)
  7 skysharks
  5 salamander mystics
  A skyshark (shapeshifter) (Depths:1)
  4 iron trolls
  4 glowing orange brains
  A quicksilver dragon simulacrum (Depths:3)
  Lodul (D:13)
  A flayed ghost (Depths:2)
  9 goliath frogs
  7 arcanists
  3 bog bodies
  37 deep trolls
  11 mana vipers
  13 swamp dragons
  A tengu zombie (Depths:3)
  6 naga ritualists
  5 spriggan druids
  3 lindwurms
  24 deep elf zephyrmancers
  An orange crystal statue (IceCv)
  15 ironbound convokers
  2 large abominations (Zot:5)
  4 harpies (Vaults:1)
  6 phantasmal warriors
  8 necromancers
  A harpy (shapeshifter) (Depths:4)
  21 orc knights
  35 deep elf pyromancers
  6 manticores
  2 obsidian bats (Orc:2)
  3 orc sorcerers (Orc:2)
  3 wolf spiders
  2 frost giant zombies
  13 salamanders
  A wolf spider (shapeshifter) (Vaults:4)
  10 cyclopes
  2 will-o-the-wisps
  A cyclops (shapeshifter) (Vaults:5)
  10 elephants
  50 ugly things
  A shining eye (shapeshifter) (Vaults:4)
  An iron dragon skeleton (Depths:2)
  18 moths of wrath
  18 naga magi
  2 kobold blastminers (Orc:1)
  A torpor snail (shapeshifter) (Depths:3)
  13 vault sentinels
  33 black mambas
  A gargoyle (D:11)
  27 cane toads
  An elf skeleton (Vaults:4)
  An orange demon (Orc:2)
  An unseen horror (shapeshifter) (D:9)
  A yaktaur zombie (Vaults:1)
  2 ice statues (Snake:2)
  4 unseen horrors
  An efreet (D:9)
  12 rime drakes
  31 yaktaurs
  A tormentor (Zot:1)
  8 komodo dragons
  2 kobold demonologists
  3 freezing wraiths
  5 tengu conjurers
  Psyche (D:11)
  A red devil (Zot:1)
  A tengu simulacrum (Depths:2)
  7 tyrant leeches
  9 trolls
  A shadow dragon simulacrum (Depths:3)
  23 polar bears
  A hornet (shapeshifter) (Elf:2)
  31 blink frogs
  3 raiju
  17 hornets
  A glass eye (Depths:2)
  2 human skeletons (Vaults:5)
  35 slime creatures
  A fire giant simulacrum (Vaults:4)
  A slime creature (shapeshifter) (Vaults:3)
  Sigmund (D:2)
  23 spriggans
  2 shadows
  60 yaks
  4 water elementals
  10 wraiths
  5 wyverns
  A culicivora (shapeshifter) (Depths:3)
  4 air elementals
  4 hogs (Lair:3)
  9 wargs
  2 humans
  A fire elemental (Elf:2)
  6 basilisks
  2 redbacks (Vaults:2)
  5 fire bats
  A redback (shapeshifter) (Vaults:4)
  A yaktaur simulacrum (Vaults:1)
  2 steam dragons
  17 vampire mosquitoes
  49 nagas
  A small abomination (Zot:1)
  19 water moccasins
  A water moccasin (shapeshifter) (D:9)
  13 swamp worms
  An acid dragon (shapeshifter) (Elf:3)
  2 acid dragons (D:12)
  A hell hound (Orc:2)
  A glowing shapeshifter skeleton (Vaults:1)
  40 orc warriors
  7 swamp drakes
  4 ice beasts
  A sky beast (D:7)
  4 black bears
  12 wolves
  10 ogres
  5 boggarts
  20 centaurs
  A phantom (D:4)
  2 human zombies
  2 gnoll sergeants
  2 kobold brigands (Sewer)
  An ogre simulacrum (Vaults:1)
  3 scorpions
  18 bullfrogs
  3 earth elementals (Elf:3)
  A human simulacrum (Vaults:4)
  5 wights (D:10)
  7 killer bees
  2 howler monkeys (D:12)
  An electric eel (Lair:5)
  A bombardier beetle (D:5)
  22 orc priests
  Crazy Yiuf (D:2)
  7 hounds
  A jelly (D:5)
  A sleepcap (D:6)
  3 gnoll boudas
  2 iguanas (D:5)
  18 orc wizards
  2 scorpion zombies (D:4)
  A hound zombie (D:4)
  16 gnolls
  6 river rats (Sewer)
  6 adders
  2 shadow imps
  2 white imps (D:6)
  2 ufetubi (D:5)
  An adder zombie (D:4)
  4 dart slugs
  A ribbon worm (D:9)
  72 orcs
  8 ball pythons
  9 endoplasms
  2 giant cockroaches
  9 goblins
  5 hobgoblins
  24 kobolds
  5 quokkas
  6 bats
  2 frilled lizards
  31 rats
  A spectral weapon (Snake:4)
2107 creatures vanquished.

Vanquished Creatures (others)
  A quicksilver dragon (Zot:2)
  Kirke (Lair:3)
  A stone giant (Depths:3)
  A dire elephant (Vaults:1)
  A deep elf knight (Elf:3)
  A hell knight (Depths:2)
  An ironbound convoker (Vaults:1)
  A deep elf zephyrmancer (Elf:1)
  A black mamba (Snake:2)
  A bloated husk (Swamp:1)
  An ettin skeleton (Vaults:5)
  An orc (D:9)
  10 foxfires
22 creatures vanquished.

Grand Total: 2129 creatures vanquished

Notes
Turn   | Place    | Note
-------+----------+-------------------------------------------
     0 | D:1      | mitch45678 the Mountain Dwarf Conjurer began the quest for
                  | the Orb.
     0 | D:1      | Reached XP level 1. HP: 14/14 MP: 3/3
   284 | D:1      | Reached skill level 1 in Fighting
   457 | D:1      | Reached XP level 2. HP: 24/24 MP: 0/4
   460 | D:1      | Learned a level 2 spell: Searing Ray
   599 | D:1      | Reached skill level 2 in Fighting
  1051 | D:1      | Reached skill level 1 in Ranged Weapons
  1242 | D:2      | Reached skill level 1 in Maces & Flails
  1294 | D:2      | Reached XP level 3. HP: 25/29 MP: 0/5
  1296 | D:2      | Noticed Sigmund
  1806 | D:2      | Found a runed translucent door.
  1807 | D:2      | Noticed Crazy Yiuf
  1918 | D:3      | Reached skill level 2 in Maces & Flails
  1989 | D:3      | Identified the +1 long sword of the Puffball {flame, rPois
                  | rC- Will+ Str+3}
  2033 | D:3      | Found a white marble altar of Elyvilon.
  2264 | D:3      | Noticed an ice beast
  2452 | D:3      | Found a glowing drain.
  2458 | Sewer    | Entered a sewer
  2487 | Sewer    | Reached XP level 4. HP: 26/37 MP: 6/6
  2550 | Sewer    | Noticed a kobold brigand
  2562 | Sewer    | Killed a kobold brigand
  2563 | Sewer    | Reached skill level 4 in Maces & Flails
  2563 | Sewer    | Reached XP level 5. HP: 37/42 MP: 1/7
  2767 | Sewer    | Reached skill level 5 in Maces & Flails
  2865 | Sewer    | Reached skill level 6 in Maces & Flails
  2865 | Sewer    | Reached XP level 6. HP: 37/50 MP: 2/8
  3240 | D:3      | Reached skill level 3 in Fighting
  3578 | D:4      | Found a basalt altar of Yredelemnul.
  3642 | D:4      | Reached skill level 1 in Shields
  3729 | D:4      | Reached skill level 2 in Shields
  3981 | D:4      | Reached skill level 3 in Shields
  4083 | D:4      | Reached XP level 7. HP: 36/57 MP: 9/9
  4094 | D:4      | Reached skill level 4 in Shields
  4463 | D:5      | Entered Level 5 of the Dungeon
  4478 | D:5      | Found a shadowy altar of Dithmenos.
  4528 | D:5      | Reached skill level 5 in Shields
  4593 | D:5      | Reached skill level 7 in Maces & Flails
  4802 | D:5      | Found a staircase to the Ecumenical Temple.
  4811 | Temple   | Entered the Ecumenical Temple
  4863 | D:5      | Reached skill level 8 in Maces & Flails
  4927 | D:5      | Reached XP level 8. HP: 63/63 MP: 8/10
  4936 | D:5      | smartest dwarf evar
  4974 | D:5      | Identified the staff of Xamaw {rF- rN+ Necro Fire Air}
  5011 | D:5      | Reached skill level 9 in Maces & Flails
  5347 | D:6      | Reached skill level 4 in Fighting
  5579 | D:6      | Found Raidgheasa's Antique Weapon Shop.
  5846 | D:6      | Reached skill level 10 in Maces & Flails
  5861 | D:6      | Reached skill level 1 in Armour
  5954 | D:6      | Found a hazy altar of Hepliaklqana.
  6178 | D:7      | Reached skill level 2 in Armour
  6178 | D:7      | Reached skill level 1 in Evocations
  6292 | D:7      | Reached skill level 2 in Evocations
  6346 | D:7      | Reached skill level 5 in Fighting
  6385 | D:7      | Learned a level 1 spell: Kiss of Death
  6416 | D:7      | Reached skill level 1 in Necromancy
  6416 | D:7      | Reached skill level 3 in Evocations
  6416 | D:7      | Reached XP level 9. HP: 65/74 MP: 0/11
  6495 | D:7      | Killed an unseen horror
  6496 | D:7      | Reached skill level 3 in Armour
  6496 | D:7      | Reached skill level 2 in Ranged Weapons
  6697 | D:7      | Reached skill level 2 in Dodging
  6891 | D:7      | Reached skill level 11 in Maces & Flails
  6943 | D:7      | HP: 9/63 [hornet (10)]
  6945 | D:7      | Reached skill level 1 in Invocations
  7017 | D:7      | Reached skill level 2 in Invocations
  7338 | D:8      | Found a shimmering blue altar of Sif Muna.
  7466 | D:8      | Reached skill level 3 in Invocations
  7594 | D:8      | Reached skill level 12 in Maces & Flails
  7594 | D:8      | Reached skill level 4 in Invocations
  7736 | D:8      | Found a broken altar of Ashenzari.
  7752 | D:8      | Reached skill level 5 in Invocations
  7893 | D:8      | Reached skill level 6 in Fighting
  8216 | D:3      | Reached XP level 10. HP: 78/83 MP: 13/13
  8224 | D:3      | Found an iron altar of Okawaru.
  8253 | D:3      | Became a worshipper of Warmaster Okawaru
  8464 | D:8      | Reached skill level 4 in Armour
  8586 | D:9      | Reached skill level 5 in Armour
  8600 | D:9      | Found a staircase to the Orcish Mines.
  8946 | D:9      | Reached * piety under Okawaru
  8947 | D:9      | Reached skill level 7 in Fighting
  9144 | D:9      | Noticed a centaur warrior
  9145 | D:9      | Noticed a centaur warrior
  9146 | D:9      | Noticed an arcanist
  9146 | D:9      | Found the +2 Maxwell's thermic engine {flame, freeze, rev}
  9146 | D:9      | Noticed a centaur warrior
  9147 | D:9      | Noticed a cyclops
  9174 | D:9      | Reached skill level 6 in Invocations
  9175 | D:9      | Noticed a centaur warrior
  9270 | D:9      | Found Puvih's Antique Armour Boutique.
  9278 | D:9      | Bought a pair of gloves for 117 gold pieces
  9317 | D:9      | Found a snail-covered altar of Cheibriados.
  9515 | D:10     | Entered Level 10 of the Dungeon
  9689 | D:10     | Reached skill level 6 in Armour
  9712 | D:10     | Found a sparkling altar of Nemelex Xobeh.
  9805 | D:10     | Reached skill level 7 in Armour
  9836 | D:10     | Reached ** piety under Okawaru
  9912 | D:10     | Noticed Josephine
  9948 | D:9      | Reached skill level 8 in Armour
 10178 | D:2      | Killed Crazy Yiuf
 10259 | D:2      | Killed Sigmund
 10558 | D:10     | Reached skill level 9 in Armour
 10656 | D:10     | Noticed an elephant
 10730 | D:9      | Reached *** piety under Okawaru
 10819 | D:10     | Killed an elephant
 10820 | D:10     | Reached XP level 11. HP: 77/93 MP: 15/15
 10887 | D:10     | Found a staircase to the Lair.
 11159 | Lair:1   | Entered Level 1 of the Lair of Beasts
 11242 | Lair:1   | HP: 20/94 [cane toad (17)]
 11247 | Lair:1   | HP: 21/94 [poisoned by a cane toad]
 11252 | Lair:1   | HP: 17/94 [poisoned by a cane toad]
 11257 | Lair:1   | Reached skill level 8 in Fighting
 11257 | Lair:1   | HP: 16/94 [poisoned by a cane toad]
 11263 | Lair:1   | HP: 17/94 [poisoned by a cane toad]
 11427 | Lair:1   | Reached skill level 9 in Fighting
 11436 | Lair:1   | Reached **** piety under Okawaru
 11475 | Lair:1   | Reached skill level 10 in Fighting
 11475 | Lair:1   | Reached skill level 7 in Invocations
 11514 | Lair:1   | Reached skill level 3 in Dodging
 11528 | Lair:1   | Noticed a fire dragon
 11596 | D:10     | Killed Josephine
 11597 | D:10     | Reached skill level 1 in Axes
 11695 | D:11     | Noticed a two-headed ogre
 11711 | D:11     | Killed a two-headed ogre
 11712 | D:11     | Reached skill level 3 in Axes
 11712 | D:11     | Reached skill level 8 in Invocations
 11736 | D:11     | Noticed Psyche
 11746 | D:11     | Paralysed by something for 3 turns
 11747 | D:11     | Killed Psyche
 11785 | D:11     | Reached skill level 4 in Axes
 12123 | D:11     | Reached ***** piety under Okawaru
 12124 | D:11     | Reached skill level 11 in Fighting
 12271 | D:11     | Reached skill level 5 in Axes
 12562 | D:13     | derp
 12703 | D:13     | Reached skill level 6 in Axes
 12703 | D:13     | Reached XP level 12. HP: 31/110 MP: 14/18
 12756 | D:13     | Noticed a two-headed ogre
 12772 | D:13     | Killed a two-headed ogre
 12795 | D:13     | Reached skill level 7 in Axes
 12812 | D:13     | Identified the +4 fire dragon scales of Good Intentions
                  | {Fly rF++ rC-}
 12861 | D:12     | Found Mutocok's Distillery.
 12864 | D:12     | Bought a potion of heal wounds for 80 gold pieces
 12864 | D:12     | Bought a potion of curing for 48 gold pieces
 12912 | D:12     | Noticed a two-headed ogre
 12924 | D:12     | Killed a two-headed ogre
 13186 | D:12     | Noticed a boulder beetle
 13207 | D:12     | Killed a boulder beetle
 13207 | D:12     | Received a gift from Okawaru
 13208 | D:12     | Reached skill level 12 in Fighting
 13232 | D:12     | Reached skill level 8 in Axes
 13609 | D:13     | Noticed Lodul
 13609 | D:13     | Noticed a centaur warrior
 13628 | D:13     | Reached skill level 9 in Axes
 13658 | D:13     | Found Ifrech's Book Emporium.
 13843 | D:13     | Reached skill level 10 in Axes
 13888 | D:13     | Noticed a centaur warrior
 13907 | D:13     | Killed a centaur warrior
 13928 | D:13     | Noticed Erolcha
 13949 | D:13     | Killed Erolcha
 14005 | D:13     | Killed Lodul
 14006 | D:13     | Reached skill level 11 in Axes
 14079 | D:13     | Killed a centaur warrior
 14079 | D:13     | Received a gift from Okawaru
 14224 | D:14     | Noticed a tengu warrior
 14339 | Lair:1   | Killed a fire dragon
 14423 | Lair:1   | Noticed Gastronok
 14476 | Lair:1   | Killed Gastronok
 14477 | Lair:1   | Reached skill level 12 in Axes
 14477 | Lair:1   | Reached skill level 9 in Invocations
 14689 | Lair:1   | Reached XP level 13. HP: 63/118 MP: 19/19
 14933 | Lair:1   | Reached skill level 13 in Axes
 15015 | Lair:1   | Identified the +2 scale mail of Pukhlaukh {Str+3 Dex+2}
 15451 | Lair:2   | Reached skill level 14 in Axes
 16013 | Lair:2   | Found a transporter.
 16082 | Lair:2   | Found a transporter.
 16107 | Lair:2   | Received a gift from Okawaru
 16121 | Lair:2   | Reached skill level 15 in Axes
 16288 | Lair:2   | Identified the +0 ring mail of the Bulwark {rPois rF++
                  | Will- Str+3}
 16289 | Lair:2   | Identified 2 scrolls of acquirement
 16289 | Lair:2   | Acquired a manual of Dodging
 16543 | Lair:3   | Noticed Nessos
 16559 | Lair:3   | Killed Nessos
 16560 | Lair:3   | Reached skill level 4 in Dodging
 16659 | Lair:3   | Reached skill level 16 in Axes
 16687 | Lair:3   | Found a staircase to the Swamp.
 16687 | Lair:3   | Noticed an eleionoma
 16713 | Lair:3   | Killed an eleionoma
 16958 | Lair:3   | Learned a level 1 spell: Apportation
 16962 | Lair:3   | Learned a level 3 spell: Swiftness
 17053 | Lair:3   | Noticed Kirke
 17113 | Lair:3   | Killed Kirke
 17114 | Lair:3   | Reached skill level 5 in Dodging
 17114 | Lair:3   | pig ftw
 17161 | Lair:3   | yes pls bring me Arga
 17319 | Lair:3   | Found a staircase to the Snake Pit.
 17653 | Lair:4   | Reached skill level 6 in Dodging
 17656 | Lair:4   | Reached XP level 14. HP: 96/126 MP: 18/20
 17659 | Lair:4   | Received a gift from Okawaru
 17697 | Lair:4   | Found a viscous altar of Jiyva.
 17709 | Lair:4   | Found a staircase to the Slime Pits.
 17810 | Lair:4   | Reached skill level 10 in Armour
 17819 | Lair:4   | Reached skill level 7 in Dodging
 17953 | Lair:4   | Received a gift from Okawaru
 18191 | Lair:5   | Entered Level 5 of the Lair of Beasts
 18245 | Lair:4   | Reached skill level 8 in Dodging
 18475 | Lair:4   | Reached skill level 11 in Armour
 18693 | Lair:5   | Reached ****** piety under Okawaru
 18696 | Lair:5   | Received a gift from Okawaru
 18757 | Lair:5   | Identified the +3 great sword "Yheafa" {flame, rElec rC+
                  | Str+3}
 18797 | Lair:5   | Reached skill level 9 in Dodging
 18807 | Lair:5   | Reached skill level 12 in Armour
 19260 | Lair:5   | HP: 21/126 [death yak (15)]
 19262 | Lair:5   | HP: 4/126 [death yak (18)]
 19320 | Lair:5   | Received a gift from Okawaru
 19321 | Lair:5   | Reached skill level 13 in Armour
 19987 | Lair:1   | Identified the +5 short sword of Ticaric {holy, Fly rF++
                  | rC- Stlth+}
 19990 | Lair:1   | Identified the staff "Keckium" {rElec rN+ Str+2 SInv Air}
 20280 | D:6      | Reached skill level 10 in Dodging
 20307 | D:6      | lol nice island
 20487 | D:14     | Reached XP level 15. HP: 106/132 MP: 21/21
 20692 | D:14     | Received a gift from Okawaru
 20885 | D:14     | Reached skill level 14 in Armour
 21051 | D:14     | Found a gate to the Vaults.
 21313 | D:14     | Received a gift from Okawaru
 21314 | D:14     | Reached skill level 11 in Dodging
 21364 | D:14     | Identified the ring of Daffodils {Will+ Str+3}
 21364 | D:14     | Noticed a tengu reaver
 21383 | D:14     | Killed a tengu reaver
 21782 | D:15     | Entered Level 15 of the Dungeon
 21882 | D:15     | Reached skill level 15 in Armour
 22243 | D:15     | Received a gift from Okawaru
 22403 | D:15     | Noticed Louise
 22403 | D:15     | Noticed an emperor scorpion
 22413 | D:15     | f that
 22640 | D:15     | Reached skill level 6 in Shields
 22765 | D:15     | Reached skill level 7 in Shields
 22786 | D:15     | Found a roughly hewn altar of Beogh.
 22970 | D:15     | Killed an emperor scorpion
 22970 | D:15     | Received a gift from Okawaru
 23131 | Orc:1    | Entered Level 1 of the Orcish Mines
 23153 | Orc:1    | Reached skill level 8 in Shields
 23183 | Orc:1    | Found Zaekhlehe's General Store.
 23199 | Orc:1    | Bought a scroll of teleportation for 36 gold pieces
 23199 | Orc:1    | Bought a scroll of teleportation for 36 gold pieces
 23365 | Orc:2    | Entered Level 2 of the Orcish Mines
 23466 | Orc:2    | Found a runed translucent gate.
 23466 | Orc:2    | Found a runed translucent gate.
 23467 | Orc:2    | Found a runed translucent gate.
 23468 | Orc:2    | Found an opulent altar of Gozag.
 23468 | Orc:2    | Found Zaitialli's Assorted Antiques.
 23470 | Orc:2    | Noticed runemasterragnar's ghost (journeyman DrSh)
 23514 | Orc:2    | Killed runemasterragnar's ghost
 23515 | Orc:2    | Reached skill level 9 in Shields
 23549 | Orc:2    | Bought a glowing cloak for 180 gold pieces
 23923 | Orc:2    | Received a gift from Okawaru
 23927 | Orc:2    | Reached skill level 10 in Shields
 23935 | Orc:2    | Reached XP level 16. HP: 69/139 MP: 22/22
 24000 | Orc:2    | Found a staircase to the Elven Halls.
 24077 | Orc:2    | Noticed Urug
 24099 | Orc:2    | Killed Urug
 24111 | Orc:2    | Found a shimmering altar of Xom.
 24127 | Orc:2    | Reached skill level 11 in Shields
 24209 | Orc:2    | Found a roughly hewn altar of Beogh.
 24221 | Orc:2    | Found Goukoek's Book Emporium.
 24225 | Orc:2    | Found Qoong's General Store.
 24321 | Orc:2    | Found Tonenago's Antique Weapon Emporium.
 24337 | Orc:2    | Found Wushrauz's Antique Armour Emporium.
 24402 | Orc:2    | Bought a manual of Dodging for 880 gold pieces
 24574 | Orc:2    | Acquired the +2 pair of gloves of the Wild Haggis {^Drain
                  | Will+ Slay+4}
 24574 | Orc:2    | Received a gift from Okawaru
 24764 | Snake:1  | Entered Level 1 of the Snake Pit
 24765 | Snake:1  | Acquired the scarf of the Elven Halls {repulsion, Int+4}
 24956 | Snake:1  | Noticed Mlioglotl
 24969 | Lair:3   | Killed Mlioglotl
 25009 | Snake:1  | Acquired the +1 broad axe of the Stopping Pill Bug {flame,
                  | rElec rPois Dex+4}
 25009 | Snake:1  | Received a gift from Okawaru
 25010 | Snake:1  | still a shitty choice tho
 25021 | Snake:1  | Reached skill level 10 in Invocations
 25144 | Snake:1  | Reached skill level 12 in Dodging
 25208 | Snake:2  | Received a gift from Okawaru
 25279 | Snake:2  | Found a glacial archway.
 25294 | Snake:2  | Reached skill level 13 in Fighting
 25425 | IceCv    | Entered an ice cave
 25680 | IceCv    | Reached skill level 14 in Fighting
 25837 | IceCv    | Received a gift from Okawaru
 25898 | IceCv    | Reached skill level 13 in Dodging
 25929 | IceCv    | Noticed a shard shrike
 25953 | IceCv    | Killed a shard shrike
 25967 | IceCv    | Got Oskiawko's Volume of Cold
 25996 | IceCv    | ice dragon scales not good loot for shard shroke
 25996 | IceCv    | shrike even
 26056 | Snake:4  | Entered Level 4 of the Snake Pit
 26122 | Snake:4  | Noticed Asterion
 26150 | Snake:4  | Gained mutation: Your magical capacity is low. (-10% MP) [a
                  | cacodemon]
 26151 | Snake:4  | Killed Asterion
 26216 | Snake:4  | Reached skill level 15 in Fighting
 26218 | Snake:4  | Reached XP level 17. HP: 103/156 MP: 22/22
 26336 | Snake:3  | Noticed Vashnia
 26353 | Snake:4  | Killed Vashnia
 26364 | Snake:4  | Reached skill level 14 in Dodging
 26469 | Snake:3  | Received a gift from Okawaru
 26878 | Snake:4  | Reached skill level 15 in Dodging
 27296 | Snake:3  | Reached skill level 11 in Invocations
 27405 | Snake:4  | Received a gift from Okawaru
 27487 | Snake:4  | Reached skill level 12 in Invocations
 27531 | Snake:4  | Got a jade gem with 493 turns to spare
 27533 | Snake:4  | Got a serpentine rune of Zot
 27733 | Snake:4  | Found Ririsk's Antique Weapon Shop.
 28295 | Snake:3  | Reached skill level 12 in Shields
 28656 | Snake:3  | Received a gift from Okawaru
 29873 | Swamp:1  | Entered Level 1 of the Swamp
 29963 | Swamp:1  | Reached skill level 16 in Armour
 30020 | Swamp:1  | Received a gift from Okawaru
 30083 | Swamp:1  | Reached skill level 16 in Fighting
 30455 | Swamp:1  | Reached XP level 18. HP: 164/166 MP: 24/24
 30485 | Swamp:2  | Found a runed translucent gate.
 30485 | Swamp:2  | Found a runed translucent gate.
 30491 | Swamp:2  | Found a runed translucent gate.
 30492 | Swamp:2  | Noticed Cancer's ghost (adept GrCj)
 30547 | Swamp:2  | HP: 37/166 [thorn hunter (9)]
 30548 | Swamp:2  | goddam
 30941 | Swamp:2  | Upgraded the game from 0.32-a0-931-g5a2cda0630 to
                  | 0.32-a0-933-ga8fa3634e4
 30984 | Swamp:2  | Received a gift from Okawaru
 31112 | Swamp:4  | Entered Level 4 of the Swamp
 31112 | Swamp:4  | Noticed Mara
 31117 | Swamp:3  | Noticed mitch45678's illusion
 31124 | Swamp:2  | Noticed mitch45678's illusion
 31306 | Swamp:4  | Reached skill level 17 in Fighting
 31359 | Swamp:4  | Got a mossy gem with 375 turns to spare
 31362 | Swamp:4  | Got a decaying rune of Zot
 31479 | Swamp:4  | HP: 36/169 [spriggan rider/+0 spear (20)]
 31484 | Swamp:4  | HP: 37/169 [poisoned by a spriggan rider]
 31532 | Swamp:3  | Reached skill level 13 in Invocations
 31845 | Swamp:3  | Received a gift from Okawaru
 31935 | Swamp:3  | Reached skill level 17 in Armour
 32174 | Swamp:4  | Found a runed translucent gate.
 32174 | Swamp:4  | Noticed a tentacled monstrosity
 32175 | Swamp:4  | Found a runed translucent gate.
 32176 | Swamp:4  | Found a runed translucent gate.
 32178 | Swamp:4  | Noticed sdfx's ghost (adept GnRe)
 32531 | D:15     | Found a staircase to the Depths.
 32577 | D:15     | Killed Louise
 32667 | Vaults:1 | Entered Level 1 of the Vaults
 32794 | Vaults:1 | Reached skill level 14 in Invocations
 32843 | Vaults:1 | Reached skill level 13 in Shields
 33083 | Vaults:1 | Identified the +3 robe "Hooloir" {rF+}
 33083 | Vaults:1 | Noticed Boris
 33104 | Vaults:1 | HP: 34/170 [dire elephant (22)]
 33263 | Vaults:1 | Received a gift from Okawaru
 33324 | Vaults:1 | HP: 20/170 [Boris/bolt of cold (27)]
 33331 | Vaults:1 | Killed Boris
 33332 | Vaults:1 | Reached skill level 14 in Shields
 33375 | Vaults:1 | Reached XP level 19. HP: 93/177 MP: 26/26
 33427 | Vaults:1 | Noticed Donald
 33437 | Vaults:1 | Killed Donald
 33604 | Vaults:1 | Reached skill level 15 in Shields
 33813 | Vaults:1 | Found a transporter.
 33813 | Vaults:1 | Found a transporter.
 34056 | Vaults:1 | Identified the +8 mace "Tocvazy" {spect, Dex+3}
 34148 | Vaults:2 | Identified the +1 flail of the Gnashing Pill Bug {holy,
                  | Int+4 Dex-3}
 34486 | Vaults:2 | Reached skill level 16 in Shields
 34567 | Vaults:2 | Received a gift from Okawaru
 34844 | Vaults:2 | Noticed a Tzitzimitl
 34846 | Vaults:2 | Reached skill level 17 in Shields
 34899 | Vaults:2 | Found a staircase to the Crypt.
 35046 | Vaults:2 | Received a gift from Okawaru
 35429 | Vaults:3 | Reached skill level 18 in Shields
 35597 | Vaults:3 | Reached skill level 17 in Axes
 35734 | Vaults:3 | Identified the +9 plate armour of the Five Visionaries {rF+
                  | rC+ Int+5}
 35928 | Vaults:3 | Received a gift from Okawaru
 36047 | Vaults:3 | Reached XP level 20. HP: 132/187 MP: 27/27
 36111 | Vaults:3 | Noticed Nikola
 36123 | Vaults:3 | Killed Nikola
 36135 | Vaults:3 | Noticed Saint Roka
 36182 | Vaults:2 | Reached skill level 18 in Armour
 36229 | Vaults:3 | Killed Saint Roka
 36324 | Vaults:3 | Identified the +1 scale mail of Quoj {rPois Str+3}
 36374 | Vaults:3 | Identified the +10 quarterstaff of the Priest {flame, Str+2
                  | Int+3}
 36388 | Vaults:3 | Reached skill level 18 in Axes
 36619 | Vaults:3 | Received a gift from Okawaru
 36781 | Vaults:4 | Reached skill level 18 in Fighting
 37169 | Vaults:4 | Reached skill level 19 in Axes
 37576 | Vaults:4 | Received a gift from Okawaru
 38163 | Vaults:1 | Reached skill level 19 in Armour
 38317 | Vaults:1 | Identified the ring "Unoaruqe" {rElec rN+ Will+ Str-4}
 38322 | Vaults:1 | Identified the +2 mace "Oshemm" {freeze, rF++}
 38471 | D:12     | Bought a potion of invisibility for 128 gold pieces
 38616 | Elf:1    | Entered Level 1 of the Elven Halls
 38713 | Elf:1    | Received a gift from Okawaru
 38853 | Elf:1    | Reached skill level 20 in Armour
 38934 | Elf:1    | Found Nyonlet's Antique Armour Boutique.
 38942 | Elf:1    | Bought a runed cloak for 187 gold pieces
 39093 | Elf:1    | Reached XP level 21. HP: 194/194 MP: 28/28
 39393 | Elf:3    | Entered Level 3 of the Elven Halls
 39496 | Elf:3    | Noticed Roxanne
 39594 | Elf:3    | Received a gift from Okawaru
 39619 | Elf:3    | Reached skill level 21 in Armour
 39688 | Elf:3    | Found a runed translucent gate.
 39688 | Elf:3    | Found a runed translucent gate.
 39688 | Elf:3    | Noticed AutarchDCSS's ghost (veteran DrCK)
 39688 | Elf:3    | Noticed jfitz's ghost (adept MiBe)
 39689 | Elf:3    | Found a runed translucent gate.
 39948 | Elf:3    | Identified the +6 arbalest of Yci Zenu {drain, Will++ Str+4
                  | Dex-4}
 39948 | Elf:3    | Identified the +6 orcbow of the Dove {drain, rF+ Dex+3}
 40039 | Elf:3    | Identified the ring of Vehumet's Scorn {Wiz Str+3 Int+7
                  | Dex-2}
 40203 | Elf:3    | Received a gift from Okawaru
 40255 | Elf:3    | Paralysed by an air elemental for 1 turns
 40291 | Elf:3    | Identified the +8 glaive "Qiokoav" {flame, +Blink rPois
                  | Stlth+}
 40291 | Elf:3    | Identified the amulet "Zeritas" {Acrobat Str+4}
 40341 | Elf:3    | Reached skill level 22 in Armour
 40389 | Elf:3    | Got a shimmering gem with 292 turns to spare
 40399 | Elf:3    | Reached skill level 19 in Shields
 40430 | Elf:3    | Identified the +0 pair of gloves of Noxious Leaves {rPois
                  | rC+ rN+}
 40433 | Elf:3    | Identified the staff of an ossuary {rN+ Str+2 Summ Necro}
 40437 | Elf:3    | Identified the ring "Sueroek" {^Drain rN++ rCorr AC+4
                  | Str-4}
 40451 | Elf:3    | Got the Quarto of the Cunning Crevasse
 40463 | Elf:3    | Got the Incunable of Caustic Fascination
 40957 | Elf:2    | Found a runed translucent gate.
 40958 | Elf:2    | Found a runed translucent gate.
 40958 | Elf:2    | Found a runed translucent gate.
 41459 | Depths:1 | Entered Level 1 of the Depths
 41467 | Depths:1 | Noticed Sojobo
 41490 | Depths:1 | Paralysed by an air elemental for 1 turns
 41494 | D:15     | Received a gift from Okawaru
 41501 | D:15     | Reached skill level 20 in Axes
 41523 | Depths:1 | Paralysed by an air elemental for 1 turns
 41578 | D:15     | Killed Sojobo
 41694 | Depths:1 | Noticed the Enchantress
 41711 | D:15     | Killed the Enchantress
 41761 | D:15     | Reached XP level 22. HP: 168/203 MP: 29/29
 41834 | Depths:2 | Found a sacrificial altar of Ru.
 41989 | Depths:2 | Received a gift from Okawaru
 42077 | Depths:2 | Reached skill level 19 in Fighting
 42233 | Depths:3 | Noticed a juggernaut
 42246 | Depths:3 | Noticed a golden dragon
 42252 | Depths:3 | Received a gift from Okawaru
 42284 | Depths:2 | Killed a juggernaut
 42368 | Depths:3 | Found a gateway to Hell.
 42464 | Depths:2 | Killed a golden dragon
 42512 | Depths:2 | Reached skill level 20 in Fighting
 42584 | Depths:3 | Noticed a golden dragon
 42902 | Depths:3 | Found a one-way gate to the infinite horrors of the Abyss.
 42923 | Depths:3 | Noticed a caustic shrike
 42946 | Depths:3 | Killed a caustic shrike
 42969 | Depths:3 | Received a gift from Okawaru
 42997 | Depths:3 | Identified the +6 sling of Balance {antimagic, rC++ Will+}
 43076 | Depths:4 | Entered Level 4 of the Depths
 43076 | Depths:4 | Noticed Xtahua
 43076 | Depths:4 | Noticed Vv
 43076 | Depths:4 | Found a one-way gate leading to the halls of Pandemonium.
 43116 | Depths:3 | Killed Xtahua
 43121 | Depths:3 | HP: 52/211 [Vv/flame surge (16)]
 43237 | Depths:4 | Found Zuotsali's Antique Armour Emporium.
 43258 | Depths:4 | Bought a heavily runed helmet for 446 gold pieces
 43258 | Depths:4 | Identified the +0 helmet "Jononwya" {Dex+3 SInv} (You
                  | bought it in a shop on level 4 of the Depths)
 43336 | Depths:4 | Found a gate to the Realm of Zot.
 43375 | Depths:4 | Reached skill level 20 in Shields
 43409 | Depths:4 | Reached skill level 21 in Fighting
 43417 | Depths:4 | Got a midnight gem with 1538 turns to spare
 43640 | Depths:4 | Received a gift from Okawaru
 43903 | Depths:2 | Identified the +0 pair of gloves "Wimm" {rF- Str+4}
 44253 | Depths:1 | Found Doexouc's Changing Room.
 44254 | Depths:1 | Noticed Norris
 44272 | Depths:2 | Reached XP level 23. HP: 222/222 MP: 0/30
 44303 | Depths:1 | Killed Norris
 44379 | Depths:1 | Reached skill level 22 in Fighting
 44564 | Depths:1 | Found Ydghi's Mayhem Merchandise.
 44672 | Depths:1 | Received a gift from Okawaru
 44709 | Depths:1 | Found the +8 longbow "Zephyr" {speed, Dex+3 SInv}
 44711 | Depths:1 | Identified the -2 buckler of Vehumet's Outrage {rN++ Str-3
                  | Dex+5}
 44723 | Depths:1 | Identified the staff of Death {Will+ rCorr Dex+2 Stlth-
                  | Earth}
 44853 | Depths:1 | Found Wirchio's General Store.
 44862 | Depths:1 | Bought a scroll of fear for 80 gold pieces
 44862 | Depths:1 | Bought a potion of curing for 60 gold pieces
 45065 | D:12     | Bought a potion of cancellation for 128 gold pieces
 45065 | D:12     | Bought a potion of resistance for 160 gold pieces
 45065 | D:12     | Bought a potion of enlightenment for 80 gold pieces
 45065 | D:12     | Bought a potion of mutation for 128 gold pieces
 45194 | D:9      | Reached skill level 21 in Shields
 45235 | D:9      | Identified the amulet "Jioczar" {Spirit Rampage rCorr}
 45482 | Vaults:5 | Entered Level 5 of the Vaults
 45642 | Vaults:4 | Reached skill level 15 in Invocations
 45681 | Vaults:5 | Received a gift from Okawaru
 45749 | Vaults:4 | Gained mutation: Your magical capacity is very low. (-20%
                  | MP) [a shining eye]
 45752 | Vaults:4 | HP: 52/223 [titan (9)]
 46004 | Vaults:4 | Reached skill level 22 in Shields
 46120 | Vaults:4 | Received a gift from Okawaru
 46125 | Vaults:4 | Reached skill level 16 in Invocations
 46394 | Vaults:4 | Reached skill level 17 in Invocations
 46395 | Vaults:5 | Noticed an ancient lich
 46410 | Vaults:5 | Killed an ancient lich
 46426 | Vaults:5 | Noticed an ancient lich
 46445 | Vaults:5 | Killed an ancient lich
 46445 | Vaults:5 | Received a gift from Okawaru
 46446 | Vaults:5 | Reached skill level 18 in Invocations
 46489 | Vaults:5 | Found Guseumel's Jewellery Shoppe.
 46516 | Vaults:5 | Noticed a dread lich
 46535 | Vaults:5 | Killed a dread lich
 46557 | Vaults:5 | Reached XP level 24. HP: 204/231 MP: 28/28
 46569 | Vaults:5 | Noticed an ancient lich
 46594 | Vaults:5 | Killed an ancient lich
 46609 | Vaults:5 | Found Diorph Neit's Jewellery Shoppe.
 46626 | Vaults:5 | Bought a ring of positive energy for 480 gold pieces
 46869 | Vaults:5 | Received a gift from Okawaru
 46935 | Vaults:5 | Got the Codex of Portents
 46938 | Vaults:5 | Got a silver rune of Zot
 47016 | Vaults:5 | Found Fohu's Antique Armour Shop.
 47236 | Vaults:5 | Noticed an ancient lich
 47258 | Vaults:5 | Killed an ancient lich
 47319 | Vaults:5 | Acquired the ring of Tybeuh {rF+ rCorr Dex+4}
 47321 | Vaults:5 | ty RNGeezus
 47567 | Zot:1    | Entered Level 1 of the Realm of Zot
 47608 | Zot:1    | Noticed an orb of fire
 47613 | Zot:1    | Gained mutation: You have hidden genetic defects. [an orb
                  | of fire]
 47614 | Zot:1    | F
 47624 | Zot:1    | Killed an orb of fire
 47625 | Zot:1    | Reached skill level 16 in Dodging
 47717 | Depths:4 | Received a gift from Okawaru
 47724 | Depths:4 | Found a runed translucent gate.
 47726 | Depths:4 | Found a runed translucent gate.
 47726 | Depths:4 | Found a runed translucent gate.
 47727 | Depths:4 | Noticed runemasterragnar's ghost (veteran OpSh)
 47733 | Depths:4 | Found a viscous altar of Jiyva.
 47741 | Depths:4 | Noticed Grunn
 47756 | Depths:4 | Killed Grunn
 47757 | Depths:4 | Reached skill level 23 in Armour
 47786 | Depths:4 | Reached skill level 21 in Axes
 47800 | Depths:4 | Acquired a manual of Maces & Flails
 47817 | Depths:4 | Found a one-way gateway to a ziggurat.
 47949 | Zot:1    | Gained mutation: You are frail. (-10% HP) [hidden defects]
 47997 | Abyss:3  | Cast into level 3 of the Abyss (red draconian knight)
 47998 | Abyss:3  | WTF
 47998 | Abyss:3  | oh he had distortion weap didn't see
 48024 | Zot:1    | Escaped the Abyss
 48195 | Zot:1    | Noticed an orb of fire
 48211 | Zot:1    | Noticed an orb of fire
 48213 | Zot:1    | Killed an orb of fire
 48229 | Zot:1    | Killed an orb of fire
 48284 | Zot:1    | Reached skill level 23 in Shields
 48291 | Zot:1    | Received a gift from Okawaru
 48318 | Zot:1    | Found a candlelit altar of Ignis.
 48321 | Zot:1    | Identified the +4 fire dragon scales of Fasaacoy {rF++ rC-
                  | Regen+ Stlth+}
 48358 | Zot:1    | Gained mutation: Your spells are a little easier to cast,
                  | but a little less powerful. [hidden defects]
 48358 | Zot:1    | Lost mutation: You have hidden genetic defects. [hidden
                  | defects expressed]
 48581 | Zot:1    | Reached skill level 24 in Armour
 48731 | Zot:1    | HP: 47/207 [storm dragon (11)]
 48740 | Zot:1    | HP: 21/207 [storm dragon (15)]
 48751 | Zot:1    | HP: 28/207 [red draconian/+0 mace (6)]
 48761 | Zot:1    | Reached XP level 25. HP: 34/214 MP: 28/29
 49028 | Zot:1    | Reached skill level 19 in Invocations
 49254 | Zot:1    | Found a glowing silver altar of Zin.
 49257 | Zot:1    | Found a glowing golden altar of the Shining One.
 49257 | Zot:1    | Found a white marble altar of Elyvilon.
 49322 | Zot:3    | Noticed a dread lich
 49442 | Zot:4    | Noticed a Killer Klown
 49467 | Zot:3    | Killed a Killer Klown
 49551 | Zot:5    | Entered Level 5 of the Realm of Zot
 49683 | Zot:4    | Reached skill level 23 in Fighting
 49790 | Zot:5    | Received a gift from Okawaru
 49968 | Zot:5    | Noticed a Killer Klown
 49979 | Zot:5    | Killed a Killer Klown
 49983 | Zot:5    | Noticed a dread lich
 49991 | Zot:5    | Killed a dread lich
 49996 | Zot:5    | Noticed a Killer Klown
 50024 | Zot:5    | Killed a Killer Klown
 50025 | Zot:5    | Reached skill level 24 in Fighting
 50093 | Zot:5    | Noticed an orb of fire
 50114 | Zot:5    | Killed an orb of fire
 50116 | Zot:5    | Noticed a Killer Klown
 50126 | Zot:5    | Noticed an orb of fire
 50135 | Zot:5    | Gained mutation: You are very frail. (-20% HP) [an orb of
                  | fire]
 50139 | Zot:5    | Gained mutation: You sometimes lose your temper in combat.
                  | [an orb of fire]
 50140 | Zot:5    | Killed a Killer Klown
 50147 | Zot:5    | Killed an orb of fire
 50172 | Zot:5    | Lost mutation: You are very frail. (-20% HP) [potion of
                  | mutation]
 50172 | Zot:5    | Lost mutation: You sometimes lose your temper in combat.
                  | [potion of mutation]
 50172 | Zot:5    | Gained mutation: You have a pair of small antennae on your
                  | head. [potion of mutation]
 50172 | Zot:5    | Gained mutation: You are partially covered in iridescent
                  | scales. (AC +2) [potion of mutation]
 50172 | Zot:5    | Gained mutation: Your flesh is heat resistant. (rF+)
                  | [potion of mutation]
 50192 | Zot:5    | Received a gift from Okawaru
 50217 | Zot:5    | Reached skill level 25 in Fighting
 50239 | Zot:5    | Reached XP level 26. HP: 172/233 MP: 29/29
 50289 | Zot:5    | Got the Orb of Zot
 50371 | Zot:5    | Noticed Symabb Maele the pandemonium lord
 50452 | Zot:1    | Reached skill level 26 in Fighting
 50473 | Zot:1    | Noticed Digiseph the pandemonium lord
 50501 | Zot:1    | Noticed Riepaqe the pandemonium lord
 50502 | Zot:1    | Noticed a Brimstone Fiend
 50653 | D:12     | Noticed Yxotyg the pandemonium lord
 50912 | D:$      | Escaped with the Orb!

Levels and vault maps discovered:
D:1:      heliophobic_arrival_battle_scene, layout_basic
D:2:      layout_rooms, uniq_sigmund, uniq_crazy_yiuf_cottage
D:3:      layout_rooms, nicolae_elyvilon_temple_path, okawaru_trees_2,
          portal_sewer_entry_e, serial_co_window_serial, co_window_paths_a,
          co_window_paths_b, co_window_corner_a, co_window_of_opportunity_a,
          co_window_paths_a, co_window_corner_a, co_window_paths_b,
          co_window_broadway_b, co_window_of_opportunity_b,
          co_window_of_opportunity_c, co_window_4corner_b, co_window_sun,
          glass_columns_b, glass_columns_b
D:4:      layout_basic, nicolae_yredelemnul_corpse_copse, serial_rivers,
          chequers_serial_rivers_micro_e, chequers_serial_rivers_micro_e,
          chequers_serial_rivers_micro_e, chequers_serial_rivers_small_b
D:5:      layout_loops_ring, nicolae_dithmenos_the_darkroom,
          minmay_temple_entry_poolview, hangedman_decor_push, minmay_checkerbox
D:6:      minmay_recursive_quarters, layout_basic, mainiacjoe_overflow_alcove_4,
          serial_shops, shop, centaur_isle
D:7:      layout_basic, grunt_tough_drop
D:8:      layout_gridville, lemuel_tele_altar, evilmike_ruin_ashenzari,
          nicolae_titane
D:9:      layout_loops_corners, slow_altar_1, erik_orc_4, serial_shops, shop,
          minivault_12
D:10:     layout_irregular_city, nemelex_diamond_rough_becter,
          david_lair_generic, uniq_josephine
D:11:     layout_basic, uniq_psyche
D:12:     layout_roguey, serial_shops, kennysheep_mini_moat
D:13:     layout_loops_ring, serial_shops, shop, uniq_erolcha, uniq_lodul
D:14:     nzn_winding_woodlands_cross [nzn_winding_woodlands_5x15_pool,
          nzn_winding_woodlands_5x15_zeroes, nzn_winding_woodlands_5x15_crooked,
          nzn_winding_woodlands_5x15_twine,
          nzn_winding_woodlands_15x15_boxy_spiral], layout_stronghold,
          hellmonk_vaults_order_and_chaos, serial_co_window_serial,
          co_window_corner_a, co_window_paths_b, co_window_corner_a,
          co_window_of_opportunity_a, co_window_corner_a,
          co_window_of_opportunity_b, co_window_of_opportunity_b,
          co_window_broadway_a, co_window_2corner, co_window_corner_b,
          co_window_unsneaky_path_d, glass_columns_b
D:15:     hangedman_depths_entry_try_elsewhere_first, layout_loops_corners,
          special_room [special_room_orc], uniq_louise
Temple:   nicolae_temple_figure_eight
Lair:1:   dragon1_lemuel, layout_regular_city, chequers_serial_rivers_micro_c,
          dreamdust_gnoll_shepherd, uniq_gastronok
Lair:2:   gammafunk_cloud_chamber, layout_gridlike,
          nicolae_lair_run_with_the_wolves
Lair:3:   layout_cave_shapes, alex1729_swamp_entry_worm_eleionoma,
          minmay_snake_entry_guardpost_medium, st_stairs_10, grunt_megastairs_4,
          infiniplex_staircase_pool_2, uniq_kirke, uniq_nessos
Lair:4:   layout_gridlike, slime_entry_1, serial_bayou_pond_c, wad_woods_01,
          grunt_megastairs_5
Lair:5:   minmay_lair_end_frog_pond, layout_loops_ring, serial_rivers,
          chequers_serial_rivers_large_a, chequers_serial_rivers_small_3,
          chequers_serial_rivers_micro_c, chequers_serial_rivers_marsh,
          chequers_serial_rivers_micro_d, chequers_serial_rivers_small_a,
          chequers_serial_rivers_micro_a, serial_bayou_pond_d,
          chequers_serial_rivers_large_b, minivault_25, st_stairs_8,
          kilobyte_rumbling_trees
Swamp:1:  layout_basic_swamp, evilmike_swamp_ruin_rubble_2,
          infiniplex_staircase_pool
Swamp:2:  layout_basic_swamp, ebering_ghost_rock_garden,
          evilmike_swamp_ruin_rubble_1
Swamp:3:  layout_basic_swamp, serial_swamp_ruin, evilmike_swamp_ruin_house_1,
          evilmike_swamp_ruin_house_4, evilmike_swamp_ruin_house_3
Swamp:4:  swamp, layout_basic_swamp, gammafunk_ghost_split, uniq_mara
Snake:1:  layout_cave_pods, uniq_mlioglotl
Snake:2:  layout_cave_shapes, portal_ice_cave_entry_ice_statue_two
Snake:3:  layout_chambers, nicolae_integral_box, uniq_vashnia
Snake:4:  minmay_snake_end_coiled, layout_cave_town, serial_shops, shop,
          uniq_asterion
Orc:1:    layout_caves, serial_shops, shop
Orc:2:    grunt_orc_cross, layout_diamond_mine, ebering_ghost_gozag,
          regret_index_xom_of_box
Elf:1:    minmay_elf_arrival_plus, layout_rooms, serial_shops, shop,
          minmay_elf_crystal_hexagon, nicolae_elf_v_pinch
Elf:2:    nicolae_elf_blades_crystal_corner, layout_gridlike
Elf:3:    grunt_elf_hall_asides, layout_loops_corners, gammafunk_ghost_cemetery,
          uniq_roxanne
Vaults:1: v_alt_pattern_6, nicolae_vaults_three_branches,
          hangedman_vaults_variations, hangedman_vaults_trim, v_alt_pattern_3,
          nicolae_vaults_weapon_check, gammafunk_the_bubble
          [the_bubble_gammafunk_split], nicolae_vaults_little_squares_1,
          vaults_standard_mumra_enter_the_diamond, hangedman_vaults_impose,
          nicolae_vaults_little_squares_6, nicolae_vaults_double_plus_1,
          vaults_dpeg_emergency_exit, layout_vaults_chaotic_city, uniq_boris,
          uniq_donald
Vaults:2: hangedman_vaults_pinch, nicolae_vaults_tetromino_T_1,
          ontoclasm_vaults_misaligned, grunt_vaults_hallway_short,
          nicolae_vaults_cochlea, vaults_room_corners, v_misc_13,
          vaults_standard_mumra_lines, nicolae_vaults_shelves_hall,
          nicolae_vaults_hallways_thing, nicolae_vaults_heist,
          vaults_mumra_minichess, v_misc_18, minmay_crypt_entry_simple_round,
          ontoclasm_vaults_shuriken, layout_vaults_ring
Vaults:3: grunt_vaults_diagonal, nicolae_vaults_trapezoid_lopsided_1,
          hangedman_vaults_hat, st_check, lightli_orcish_oven,
          nicolae_vaults_more_shelving_2, nicolae_vaults_network_periphery,
          grunt_vaults_focal, nicolae_vaults_theta,
          nicolae_vaults_bisected_slash, grunt_vaults_bifocal,
          nicolae_vaults_tangram_1, nicolae_vaults_tangram_2,
          vaults_mumra_chevron, nicolae_vaults_apartment_1,
          vaults_standard_mumra_enter_the_diamond, grunt_vaults_trifunnel,
          layout_vaults_omnibox, uniq_nikola, uniq_saint_roka
Vaults:4: ontoclasm_vaults_shout, v_misc_25, vaults_room_corners,
          nicolae_vaults_little_squares_3, nicolae_vaults_tetromino_L_1,
          nicolae_vaults_double_plus_1, layout_vaults_quadrants
Vaults:5
Depths:1: layout_cross, serial_shops, nicolae_lakefront_shop, lightli_too_deep,
          hangedman_abyss_or_decor_slice, nicolae_transmutations_shop,
          roderic_roman_lattice, chequers_jeans, chequers_decorated_corner,
          grunt_decor_junction, minmay_shop_mayhem,
          minmay_checkered_concentric_circles, uniq_sojobo, uniq_enchantress,
          uniq_norris
Depths:2: minmay_bloctagon_deflated, layout_gridville,
          nicolae_ru_sacrificial_ziggurat, hell_entry, rand_demon_pan_entry_9,
          abyss_entry, minmay_door_square
Depths:3: evilmike_horseshoe, layout_basic, abyss_entry, hell_entry,
          serial_sigils_hangedman_gut, minmay_starry_boxes
Depths:4: grunt_zot_entry_funnels, layout_gridlike, enter_ziggurat_b,
          serial_shops, nicolae_shop_competitors_out_of_business, abyss_entry,
          pan_entry, corexii_hall_statues_x, gammafunk_ghost_ooze,
          pf_hell_entry_great_geh, minmay_shop_grove, uniq_margery, uniq_xtahua,
          uniq_vv, uniq_frederick, uniq_grunn, uniq_mennas
Zot:1:    regret_index_infernal_bastille, layout_onion,
          regret_index_zotdec_alabaster_prism, grunt_ministairs_8
Zot:2:    layout_basic, amcnicky_altar_lugonu_corruption
Zot:3:    gammafunk_sealed_library, layout_basic,
          regret_index_zotdec_glowing_original
Zot:4:    layout_onion, hangedman_zot_gyre, nicolae_transporter_circle
Zot:5:    layout_misc_corridors

Action                     |  1- 3 |  4- 6 |  7- 9 | 10-12 | 13-15 | 16-18 | 19-21 | 22-24 | 25-27 || total
---------------------------+-------+-------+-------+-------+-------+-------+-------+-------+-------++-------
  Melee: Club              |    22 |       |       |       |       |       |       |       |       ||    22
         Unarmed           |     7 |       |       |       |     5 |       |       |       |       ||    12
         Whip              |    25 |   247 |   375 |   561 |   643 |       |       |       |       ||  1851
         Dagger            |    21 |       |       |       |       |       |       |       |       ||    21
         Flail             |       |       |       |   473 |   153 |       |       |       |       ||   626
         Morningstar       |       |       |       |    11 |       |       |       |       |       ||    11
         War axe           |       |       |       |    19 |       |       |       |       |       ||    19
         Long sword        |       |       |       |     8 |    42 |       |       |       |       ||    50
         Broad axe         |       |       |       |       |  1310 |  1791 |  2012 |  2290 |   627 ||  8030
  Throw: Stone             |     2 |     6 |     1 |       |       |       |       |       |       ||     9
         Dart              |       |     1 |     1 |    33 |     8 |     1 |       |       |       ||    44
         Javelin           |       |       |     1 |       |     4 |     5 |    23 |    13 |     6 ||    52
         Boomerang         |       |       |       |    22 |    18 |     8 |       |    17 |    13 ||    78
   Cast: Magic Dart        |    70 |    13 |     8 |     6 |     5 |       |       |       |       ||   102
         Searing Ray       |     1 |     3 |    14 |    18 |     3 |       |       |       |       ||    39
         Kiss of Death     |       |       |     1 |       |       |       |       |       |       ||     1
         Apportation       |       |       |       |       |       |       |     2 |       |       ||     2
 Invoke: Heroism           |       |       |       |    13 |    12 |    26 |    17 |    25 |    14 ||   107
         Receive Weapon    |       |       |       |       |       |     1 |       |       |       ||     1
         Receive Armour    |       |       |       |       |       |     1 |       |       |       ||     1
         Finesse           |       |       |       |       |       |       |       |     1 |     2 ||     3
  Evoke: Wand              |       |       |     5 |    12 |    10 |     8 |     4 |     5 |       ||    44
         Tin of tremorston |       |       |       |       |       |     2 |     2 |     2 |       ||     6
    Use: Scroll            |     4 |     1 |     6 |     4 |    14 |     9 |    13 |     8 |     8 ||    67
         Potion            |     1 |       |     5 |     4 |     4 |     4 |     1 |     9 |     7 ||    35
   Stab: Paralysed         |       |       |     8 |    10 |    22 |       |       |       |       ||    40
         Invisible         |       |       |     1 |       |     6 |       |     9 |     5 |       ||    21
         Petrified         |       |       |       |       |     3 |       |       |       |       ||     3
         Distracted        |       |       |       |       |     1 |       |       |       |       ||     1
 Armour: Ring mail         |    91 |   141 |   240 |    91 |    10 |    30 |       |       |       ||   603
         Scale mail        |       |       |       |   758 |  1200 |       |       |       |       ||  1958
         Fire dragon scale |       |       |       |    16 |    23 |       |       |       |       ||    39
         Skin              |       |       |       |       |     2 |       |       |       |       ||     2
         Plate armour      |       |       |       |       |   138 |   937 |   659 |  1403 |   257 ||  3394
         Swamp dragon scal |       |       |       |       |       |   298 |   219 |       |       ||   517
  Dodge: Dodged            |    64 |    82 |   111 |   315 |   569 |   501 |   284 |   440 |    84 ||  2450
         Repelled          |       |       |       |       |       |   133 |   100 |   164 |    46 ||   443
  Block: Buckler           |       |    10 |    58 |   176 |   202 |       |       |       |       ||   446
         Kite shield       |       |       |       |       |   136 |   942 |       |       |       ||  1078
         Tower shield      |       |       |       |       |       |    27 |  1376 |  2156 |   632 ||  4191
